 Dungeon Crawl Stone Soup version 0.24-a0-181-gd121a6d (console) character file.

Game seed: 15051575521191060819

14901 Duffy the Geomancer (level 12, -7/66 HPs)
             Began as a Gargoyle Earth Elementalist on Mar 14, 2019.
             Was a Priest of Vehumet.
             Hit by a javelin of penetration thrown by a minotaur (33 damage)
             ... in a Gauntlet.
             The game lasted 00:18:28 (13171 turns).

Duffy the Geomancer (Gargoyle Earth Elementalist)  Turns: 13171, Time: 00:18:29

Health: -7/66      AC: 24    Str: 13    XL:     12   Next: 21%
Magic:  31/42      EV: 10    Int: 20    God:    Vehumet [***...]
Gold:   635        SH:  0    Dex: 10    Spells: 15/33 levels left

rFire    . . .     SeeInvis +   K - staff of power {!a}
rCold    + . .     Gourm    .   (no shield)
rNeg     + . .     Faith    .   j - +6 scale mail of Divine Intervention {+Inv rC+}
rPois    ∞         Spirit   .   O - +1 hat {SInv}
rElec    +         Reflect  .   l - scarf {repulsion}
rCorr    .         Harm     .   q - +1 pair of gloves
MR       +....     NoTele   +   (no boots)
Stlth    ..........             H - amulet of magic regeneration
HPRegen  0.21/turn              r - ring of protection from magic
MPRegen  0.53/turn              z - ring of attention (curse)

@: repel missiles
A: negative energy resistance 1, electricity resistance, unbreathing,
petrification resistance, rot immunity, AC +8
a: Renounce Religion, Evoke Invisibility


You were in a Gauntlet.
You worshipped Vehumet.
Vehumet was most pleased with you.
You were not hungry.

You visited 1 branch of the dungeon, and saw 11 of its levels.
You also visited: Sewer and Gauntlet.

You collected 635 gold pieces.

Inventory:

Hand Weapons
 i - a +1 whip of flaming
 C - a +2 whip of flaming
 D - a +1 dagger of venom
 S - the +9 heavy crossbow "Sniper" {velocity, Acc+∞ SInv}
   (You found it on level 10 of the Dungeon)

   Any bolt fired from it inflicts extra damage.
   It lets you see invisible.
 T - a +0 blowgun
 U - a +0 short sword of distortion
Missiles
 b - 29 stones (quivered)
 p - 13 curare-tipped needles
Armour
 g - a +0 cloak
 j - the +6 scale mail of Divine Intervention (worn) {+Inv rC+}
   (You found it on level 9 of the Dungeon)

   It protects you from cold.
   It lets you turn invisible.
 l - a scarf of repulsion (worn)
 q - a +1 pair of gloves (worn)
 v - a +0 buckler
 y - a +0 helmet
 A - a +0 robe of cold resistance
 N - a +1 robe of fire resistance
 O - a +1 hat of see invisible (worn)
 Q - a +0 troll leather armour
 V - a scarf of cloud immunity
Magical Staves
 J - an uncursed staff of wizardry {!a}
 K - an uncursed staff of power (weapon) {!a}
Jewellery
 r - a ring of protection from magic (left hand)
 z - a cursed ring of attention (right hand)
 H - an amulet of magic regeneration (around neck)
Wands
 I - a wand of acid (1)
Scrolls
 a - 8 scrolls of teleportation
 c - 3 scrolls of enchant armour
 h - 5 scrolls of remove curse
 k - 3 scrolls of fog
 m - 4 scrolls of fear
 n - 2 scrolls of enchant weapon
 s - 4 scrolls of amnesia
 F - a scroll of blinking
 R - 2 scrolls of immolation
Potions
 e - 4 potions of heal wounds
 f - 2 potions of might
 o - a potion of haste {unknown}
 t - 2 potions of cancellation {unknown}
 u - 3 potions of brilliance
 w - 2 potions of ambrosia
 x - 5 potions of curing
 B - a potion of berserk rage {unknown}
 E - 6 potions of flight
 G - a potion of resistance {unknown}
 L - a potion of mutation {unknown}
 M - a potion of degeneration {unknown}
 P - a potion of invisibility
Comestibles
 d - 10 rations


   Skills:
 + Level 4.1 Fighting
 - Level 3.4 Armour
 + Level 3.6 Dodging
 - Level 2.1 Stealth
 + Level 11.1 Spellcasting
 - Level 5.0 Conjurations
 - Level 5.5 Transmutations
 - Level 2.0 Air Magic
 - Level 13.0 Earth Magic
 - Level 2.0 Poison Magic


You had 15 spell levels left.
You knew the following spells:

 Your Spells              Type           Power        Failure   Level  Hunger
h - Stone Arrow           Conj/Erth      #####.       1%          3    None
j - Sandblast             Erth           ######       1%          1    None
k - Petrify               Tmut/Erth      #####...     6%          4    ##.....
l - Lee's Rapid Deconstr  Erth           ######....   1%          5    ####...
o - Mephitic Cloud        Conj/Pois/Air  ###.....     6%          3    None
p - Passwall              Tmut/Erth      #####...     1%          2    None

Your spell library contained the following spells:

 Spells                   Type           Power        Failure   Level  Hunger
 Ignite Poison            Fire/Tmut/Pois ###.....     8%          3    None
 Conjure Flame            Conj/Fire      ###.....     8%          3    None
 Poisonous Vapours        Pois/Air       ###...       19%         2    None
 Confusing Touch          Hex            ##....       26%         1    None
 Yara's Violent Unravell  Hex/Tmut       ###.......   50%         5    ####...
 Confuse                  Hex            ##......     63%         3    None
 Gell's Gravitas          Tloc           ##........   63%         3    None
 Freezing Cloud           Conj/Ice/Air   ###.......   97%         6    ######.
 Metabolic Englaciation   Hex/Ice        ##........   100%        5    ####...
 Ring of Flames           Chrm/Fire      ##........   100%        7    #######


Dungeon Overview and Level Annotations

Branches:
Dungeon (11/15)            Temple (0/1) D:7            Lair (0/6) D:11
    Orc (0/2) D:9

Altars:
Ashenzari
Dithmenos
Elyvilon
Gozag
Makhleb
Trog
Vehumet
Wu Jian
Zin
The Shining One
Beogh

Shops:
D:4 (   D:5 %[}

Annotations:
Gauntlet 8 transporters, exclusion: ice statue


Innate Abilities, Weirdness & Mutations

You are resistant to torment.
Your stone body is resilient. (AC +8)
You are immune to poison.
You resist negative energy. (rN+)
You are resistant to electric shocks. (rElec)
You can survive without breathing.
You are immune to petrification.
You are immune to rotting.


Message History

The minotaur throws a javelin of penetration.
The javelin of penetration pierces through you.
Evoke which item? (* to show all) (? for menu, Esc to quit)
Aiming: Corrosive Bolt
Press: ? - help, Shift-Dir - straight line, f/p - minotaur
Aim: a minotaur, wielding the +3 war axe "Feus" {chop, rElec rPois Dex+4}, wearing +0 storm dragon scales, wearing the +4 shield of Fortification {-Cast rCorr Slay+6 Stlth+} and wearing the ring "Faahe" {Ice +Inv} (lightly wounded)
The bolt of acid hits the minotaur.
The minotaur is lightly wounded.
The minotaur throws a javelin of penetration.
The javelin of penetration pierces through you but does no damage.
Evoke which item? (* to show all) (? for menu, Esc to quit)
Aiming: Corrosive Bolt
Press: ? - help, Shift-Dir - straight line, f/p - minotaur
Aim: a minotaur, wielding the +3 war axe "Feus" {chop, rElec rPois Dex+4}, wearing +0 storm dragon scales, wearing the +4 shield of Fortification {-Cast rCorr Slay+6 Stlth+} and wearing the ring "Faahe" {Ice +Inv} (lightly wounded)
The bolt of acid hits the minotaur but does no damage.
The minotaur is lightly wounded.
The minotaur throws a javelin of penetration.
The javelin of penetration pierces through you!!
Ouch! That really hurt!
You die...

###..#.....#.##
#####..#.##..#%..
#~80#..#.##..^.## #
######.0.#..#^.#.##.## #.
......8.#..#.##.##...
##.##.###...#..#.##....##
8........8.#..#.#..##..#
...#.#...#..#.##.###..
##### #.#@#...#..##########
/8}8.8#...#.^.#~...........
...H..H(###...#\...........
=8[8.8#...#.^.#~...........
#######.#.#...#..##########
#.....#.#...#..#k.......k
#8........8.#..#.PPP.....
##.##.###...#..#.P#P.P#P.
#........8.#..#(.PP.PPP.


You could see a minotaur.

Vanquished Creatures
  Gastronok (D:9)
  2 two-headed ogres
  Sonja (D:10)
  A death drake (Gauntlet)
  Pikel (D:5)
  An orc knight (D:10)
  A wolf spider zombie (Gauntlet)
  Psyche (D:8)
  A hellion (Gauntlet)
  3 trolls
  Grinder (D:3)
  2 hornets
  A vampire (D:9)
  6 yaks (D:9)
  A wraith (D:7)
  A human (D:8)
  A hungry ghost (D:9)
  A steam dragon (D:7)
  2 hell hounds (Gauntlet)
  A black bear (D:10)
  3 ice beasts
  3 orc warriors
  3 sky beasts
  4 ogres
  2 phantoms
  6 centaurs
  A crocodile (D:10)
  A big kobold (D:8)
  7 bullfrogs
  A gnoll sergeant (D:7)
  4 scorpions
  3 killer bees
  6 howler monkeys
  2 crimson imps
  A quasit (D:10)
  A jelly (D:6)
  5 centaur zombies
  6 hounds
  3 centaur skeletons
  5 orc priests
  2 bullfrog skeletons
  8 worker ants
  2 iguanas
  11 orc wizards
  2 killer bee zombies
  A worker ant zombie (D:5)
  4 gnolls (D:7)
  10 adders
  3 shadow imps
  4 oozes (Sewer)
  An adder zombie (D:9)
  3 adder skeletons
  6 worms
  A dart slug (D:3)
  7 leopard geckos
  34 orcs
  6 ball pythons
  11 bats
  6 giant cockroaches
  9 hobgoblins
  16 jackals
  4 quokkas
  4 frilled lizards
  7 goblins
  2 jackal skeletons
  12 kobolds
  3 quokka skeletons
  A quokka zombie (D:6)
  3 rats (D:1)
280 creatures vanquished.

Vanquished Creatures (others)
  A fungus (Gauntlet)
1 creature vanquished.

Grand Total: 281 creatures vanquished

Notes
Turn   | Place    | Note
-------+----------+-------------------------------------------
     0 | D:1      | Duffy the Gargoyle Earth Elementalist began the quest for
                  | the Orb.
     0 | D:1      | Reached XP level 1. HP: 10/10 MP: 3/3
   390 | D:1      | Reached XP level 2. HP: 15/15 MP: 3/5
   392 | D:1      | Reached skill level 4 in Earth Magic
  1174 | D:2      | Reached XP level 3. HP: 12/19 MP: 6/6
  1179 | D:2      | Learned a level 3 spell: Stone Arrow
  1564 | D:2      | Reached skill level 1 in Conjurations
  1844 | D:2      | Reached XP level 4. HP: 20/24 MP: 1/8
  2800 | D:3      | Reached skill level 5 in Earth Magic
  2946 | D:3      | Reached XP level 5. HP: 28/28 MP: 7/9
  2959 | D:3      | Learned a level 5 spell: Lee's Rapid Deconstruction
  2982 | D:3      | Found a glowing silver altar of Zin.
  2982 | D:3      | Found a white marble altar of Elyvilon.
  3011 | D:3      | Noticed Grinder
  3022 | D:3      | Killed Grinder
  3022 | D:3      | Reached XP level 6. HP: 22/32 MP: 1/12
  3542 | D:4      | Reached skill level 6 in Earth Magic
  3615 | D:3      | Reached XP level 7. HP: 28/36 MP: 6/13
  4086 | D:4      | Found Keawecw's Weapon Boutique.
  4194 | D:4      | Reached skill level 5 in Spellcasting
  4194 | D:4      | Reached skill level 7 in Earth Magic
  4230 | D:4      | Reached skill level 5 in Conjurations
  4230 | D:4      | Reached XP level 8. HP: 41/41 MP: 11/15
  4614 | D:5      | Entered Level 5 of the Dungeon
  4686 | D:5      | Found Coikes's Food Emporium.
  4873 | D:5      | Reached skill level 8 in Earth Magic
  4979 | D:5      | Found Ysin's Gadget Shop.
  5098 | D:5      | Found Pyatweg's Antique Armour Emporium.
  5531 | D:5      | Noticed Pikel
  5551 | D:5      | Killed Pikel
  5551 | D:5      | Reached skill level 9 in Earth Magic
  5551 | D:5      | Reached XP level 9. HP: 40/45 MP: 10/19
  5920 | D:6      | Found a glowing drain.
  5938 | Sewer    | Entered a sewer
  6722 | D:6      | Learned a level 4 spell: Petrify
  6903 | D:6      | Found a shadowy altar of Dithmenos.
  6906 | D:6      | Reached skill level 1 in Transmutations
  7091 | D:7      | Reached skill level 10 in Earth Magic
  7301 | D:7      | Found a radiant altar of Vehumet.
  7310 | D:7      | Became a worshipper of Vehumet
  7973 | D:7      | Found a staircase to the Ecumenical Temple.
  8264 | D:8      | Noticed a hornet
  8267 | D:8      | Killed a hornet
  8548 | D:8      | Reached XP level 10. HP: 50/50 MP: 15/22
  8698 | D:8      | Reached skill level 11 in Earth Magic
  8803 | D:8      | Noticed Psyche
  8811 | D:8      | Killed Psyche
  9153 | D:8      | Found an opulent altar of Gozag.
  9176 | D:8      | Learned a level 2 spell: Passwall
  9285 | D:9      | Found a glowing golden altar of the Shining One.
  9302 | D:9      | Found a burning altar of Makhleb.
  9303 | D:9      | Found a bloodstained altar of Trog.
  9305 | D:9      | Found an ornate altar of the Wu Jian Council.
  9305 | D:9      | Found a shattered altar of Ashenzari.
  9333 | D:9      | Got a scorched scale mail
  9366 | D:9      | Identified the +6 scale mail of Divine Intervention {+Inv
                  | rC+} (You found it on level 9 of the Dungeon)
  9376 | D:9      | Reached * piety under Vehumet
  9376 | D:9      | Offered knowledge of Flame Tongue by Vehumet.
  9512 | D:9      | Learned a level 3 spell: Mephitic Cloud
  9748 | D:9      | Found a staircase to the Orcish Mines.
  9899 | D:9      | Noticed Gastronok
  9961 | D:9      | Killed Gastronok
  9961 | D:9      | Reached skill level 5 in Transmutations
  9961 | D:9      | Reached skill level 12 in Earth Magic
  9961 | D:9      | Reached XP level 11. HP: 54/54 MP: 2/24
 10373 | D:9      | Reached skill level 10 in Spellcasting
 10456 | D:9      | Noticed a two-headed ogre
 10464 | D:9      | Killed a two-headed ogre
 10704 | D:9      | Reached skill level 13 in Earth Magic
 10831 | D:10     | Entered Level 10 of the Dungeon
 10851 | D:10     | Noticed a two-headed ogre
 10866 | D:10     | Killed a two-headed ogre
 10866 | D:10     | Reached skill level 1 in Air Magic
 10866 | D:10     | Reached skill level 1 in Poison Magic
 10868 | D:10     | Offered knowledge of Magic Dart by Vehumet.
 10957 | D:10     | Noticed Sonja
 10983 | D:10     | Reached ** piety under Vehumet
 11488 | D:10     | Found the +9 heavy crossbow "Sniper" {velocity, Acc+∞ SInv}
 11534 | D:10     | Killed Sonja
 11534 | D:10     | Reached skill level 1 in Fighting
 11534 | D:10     | Reached skill level 1 in Armour
 11877 | D:10     | Found a runed translucent door.
 11905 | D:10     | Noticed an orc knight
 11932 | D:10     | Killed an orc knight
 12066 | D:10     | Found a roughly hewn altar of Beogh.
 12390 | D:11     | Found a gate leading to a gauntlet.
 12396 | D:11     | Offered knowledge of Ignite Poison by Vehumet.
 12423 | Gauntlet | Entered a Gauntlet
 12423 | Gauntlet | Found a transporter.
 12423 | Gauntlet | Found a transporter.
 12423 | Gauntlet | Noticed a death drake
 12448 | Gauntlet | Found a transporter.
 12448 | Gauntlet | Found a transporter.
 12451 | Gauntlet | Found a transporter.
 12462 | Gauntlet | Found a transporter.
 12475 | Gauntlet | Found a transporter.
 12483 | Gauntlet | Found a transporter.
 12483 | Gauntlet | Noticed a soul eater
 12500 | Gauntlet | Found a transporter.
 12508 | Gauntlet | Found a transporter.
 12508 | Gauntlet | Noticed a death ooze
 12527 | Gauntlet | Found a transporter.
 12566 | Gauntlet | Found a transporter.
 12700 | Gauntlet | Killed a death drake
 12700 | Gauntlet | Reached XP level 12. HP: 63/64 MP: 2/26
 12947 | Gauntlet | Reached *** piety under Vehumet
 13160 | Gauntlet | Identified the cursed +3 war axe "Feus" {chop, rElec rPois
                  | Dex+4}
 13160 | Gauntlet | Identified the +4 shield of Fortification {-Cast rCorr
                  | Slay+6 Stlth+}
 13160 | Gauntlet | Identified the ring "Faahe" {Ice +Inv}
 13160 | Gauntlet | Noticed a minotaur
 13171 | Gauntlet | Hit by a javelin of penetration thrown by a minotaur

Levels and vault maps discovered:
D:1:      minmay_arrival_wavy_path, layout_basic, minivault_4,
          minmay_misc_feat_columns
D:2:      layout_basic, serial_bayou_lake_a
D:3:      layout_basic, gammafunk_temple_overflow_elements, first_ration,
          uniq_grinder
D:4:      layout_rooms, serial_shops, shop, grunt_ministairs_14
D:5:      layout_basic, serial_shops, shop, shop, nicolae_shop_crystal,
          st_stairs_10, uniq_pikel
D:6:      layout_basic, old_standard_altar, cheibrodos_sewer_entry_sluice
D:7:      layout_basic, nicolae_overflow_crystal_walls,
          minmay_temple_entry_enclosed_plants
D:8:      layout_gridville, basic_altar, grunt_pizzeria,
          kennysheep_generic_room_7, uniq_psyche
D:9:      layout_small_grid, chequers_temple_overflow_statue_of_worship,
          overflow_temple_1_default, orc_0_dummy, kennysheep_small_circle,
          uniq_gastronok
D:10:     layout_basic, lightli_church_of_beogh, uniq_sonja
D:11:     layout_roguey, erik_lair_orcish_takeover, gauntlet_entry_generic
Sewer:    sewer_fruit_machine
Gauntlet: gammafunk_gauntlet_shortcut [gammafunk_gauntlet_arena_teeth,
          gammafunk_gauntlet_arena_crates, nicolae_gauntlet_swirl,
          nicolae_gauntlet_arena_blocks, nicolae_gauntlet_arena_x,
          gammafunk_gauntlet_arena_hedges,
          nicolae_gauntlet_exit_dead_adventurers]

Skill      XL: |  1  2  3  4  5  6  7  8  9 10 11 12 |
---------------+-------------------------------------+-----
Earth Magic    | 4 5 6 7 9 10 12 13 | 13.0
Conjurations   | 1 2 3 5 |  5.0
Spellcasting   | 3 4 5 6 8 9 10 11 | 11.1
Transmutations | 3 5 |  5.5
Air Magic      | 2 |  2.0
Poison Magic   | 2 |  2.0
Fighting       | 2 4 |  4.1
Armour         | 3 |  3.4
Dodging        | 2 3 |  3.6
Stealth        | |  2.1

Action                   |  1- 3 |  4- 6 |  7- 9 | 10-12 || total
-------------------------+-------+-------+-------+-------++-------
Melee: Whip              |    30 |    42 |    47 |     7 ||   126
       Dagger            |       |       |    59 |       ||    59
 Cast: Sandblast         |    43 |    52 |   164 |    12 ||   271
       Stone Arrow       |       |       |    19 |   179 ||   198
       Lee's Rapid Decon |       |       |     1 |    45 ||    46
       Petrify           |       |       |       |     6 ||     6
Evoke: Wand              |       |       |       |    10 ||    10
  Use: Scroll            |       |       |     6 |    14 ||    20
 Stab: Sleeping          |       |     2 |     1 |       ||     3
  Eat: Chunk             |     3 |     6 |    16 |    15 ||    40
       Ration            |       |       |       |     4 ||     4
Armor: Robe              |    19 |    28 |    92 |     5 ||   144
       Scale mail        |       |       |       |   102 ||   102
Dodge: Dodged            |    25 |    56 |   138 |    80 ||   299
       Deflected         |       |       |       |     1 ||     1

Table legend:
 A = Non-vault XP
 B = Vault XP
 C = Vault XP percentage of total XP
 D = Non-vault monster count
 E = Vault monster count
 F = Vault count percentage of total count
                 A         B        C        D         E       F
            +---------+---------+-------+---------+---------+-------
      Total |   11945 |    9343 |  43.9 |     213 |      67 |  23.9
            +---------+---------+-------+---------+---------+-------
        D:1 |      21 |       0 |   0.0 |      15 |       0 |   0.0
        D:2 |      70 |       0 |   0.0 |      26 |       0 |   0.0
        D:3 |     135 |     286 |  67.9 |      25 |       1 |   3.8
        D:4 |     881 |      10 |   1.1 |      27 |       5 |  15.6
        D:5 |     366 |     752 |  67.3 |      13 |       4 |  23.5
        D:6 |     368 |      10 |   2.6 |      13 |       4 |  23.5
        D:7 |    1160 |       0 |   0.0 |      26 |       0 |   0.0
        D:8 |     874 |     725 |  45.3 |       9 |       4 |  30.8
        D:9 |    4632 |    2207 |  32.3 |      31 |       4 |  11.4
       D:10 |    3220 |    1876 |  36.8 |      24 |      14 |  36.8
       D:11 |     218 |       0 |   0.0 |       4 |       0 |   0.0
      Sewer |       0 |      72 | 100.0 |       0 |      23 | 100.0
   Gauntlet |       0 |    3405 | 100.0 |       0 |       8 | 100.0
            +---------+---------+-------+---------+---------+-------
